 Dungeon Crawl Stone Soup version 0.27-a0-1184-ge86db4a01e (webtiles) character file.

Game seed: 9292280541159321900

98 Goblin1989 the Sneak (level 4, -3/35 HPs)
             Began as a Demonspawn Delver on May 19, 2021.
             Killed by divine providence
             ... invoked by an orc priest
              (11 damage)
             ... on level 3 of the Dungeon.
             The game lasted 00:09:07 (2674 turns).

Goblin1989 the Sneak (Demonspawn Delver)            Turns: 2674, Time: 00:09:08

Health: -3/35      AC:  6    Str: 14    XL:     4   Next: 44%
Magic:  4/4        EV: 11    Int: 11    God:
Gold:   158        SH:  0    Dex: 14    Spells: 3/3 levels left

rFire    . . .     SeeInvis .   P - +0 whip
rCold    . . .     Faith    .   (no shield)
rNeg     . . .     Spirit   .   b - +0 leather armour
rPois    .         Reflect  .   (helmet restricted)
rElec    .         Harm     .   R - +2 cloak
rCorr    .         Rampage  .   (no gloves)
Will     .....                  (no boots)
Stlth    ++........             (no amulet)
HPRegen  0.11/turn              (no ring)
MPRegen  0.09/turn              (no ring)

@: no status effects
A: horns 1, foul stench 1
a: no special abilities


You were on level 3 of the Dungeon.
You visited 1 branch of the dungeon, and saw 5 of its levels.

You collected 158 gold pieces.

Inventory:

Hand Weapons
 a - a +0 mace
 P - a +0 whip (weapon)
Armour
 b - a +0 leather armour (worn)
 R - a +2 cloak (worn)
Wands
 g - a wand of digging (1) {@v1}
Scrolls
 c - 2 scrolls of fog
 O - a scroll of noise {unknown}
 T - a scroll of immolation {unknown}
Potions
 f - a potion of haste {@q3,}
 N - a potion of heal wounds {@q2}
 Q - a potion of degeneration {unknown}
 S - a potion of magic {unknown}
 U - a potion of resistance {unknown}


   Skills:
 + Level 3.0 Fighting
 * Level 4.3 Maces & Flails
 + Level 0.0 Armour
 + Level 1.8 Dodging
 - Level 4.5 Stealth


You had 3 spell levels left.
You didn't know any spells.
Your spell library contained the following spells:

 Spells                   Type           Power      Damage    Failure   Level
 Magic Dart               Conj           0%         1d3       41%         1
 Summon Small Mammal      Summ           0%         N/A       41%         1
 Call Imp                 Summ           0%         N/A       56%         2
 Searing Ray              Conj           0%         3d3       56%         2
 Call Canine Familiar     Summ           0%         N/A       80%         3
 Dazzling Flash           Conj/Hex       0%         N/A       80%         3
 Summon Guardian Golem    Hex/Summ       0%         N/A       80%         3
 Fulminant Prism          Conj/Hex       0%         3d6       99%         4
 Iskenderun's Mystic Bla  Conj/Tloc      0%         2d3       99%         4
 Summon Ice Beast         Ice/Summ       0%         N/A       99%         4
 Summon Lightning Spire   Summ/Air       0%         N/A       99%         4


Dungeon Overview and Level Annotations

Branches:
Dungeon (5/15)
 Temple: D:4-7

Altars:
Yredelemnul

Shops:
D:3 :

Annotations:
D:5 2 transporters


Innate Abilities, Weirdness & Mutations

You have a pair of small horns on your head.
You may rarely emit foul miasma when damaged in melee.


Message History

You closely miss the orc. The orc barely misses you.
You closely miss the orc. Your headbutt misses the orc. You hit the orc.
The orc is heavily wounded.
The orc hits you with a +0 whip.
You take 1 damage, and have 19/35 hp.
You hit the orc but do no damage.
The orc is heavily wounded.
The orc hits you but does no damage.
You closely miss the orc.
The orc is heavily wounded.
The orc hits you but does no damage.
You hit the orc.
You kill the orc!
You closely miss the ball python. Your headbutt misses the ball python.
The ball python barely misses you. The ball python grabs you.
The ball python constricts you.
You take 1 damage, and have 18/35 hp.
You barely miss the ball python.
You headbutt the ball python, but do no damage.
The ball python bites you. The ball python constricts you.
You closely miss the ball python. The ball python bites you.
The ball python constricts you.
You take 2 damage, and have 16/35 hp.
You hit the ball python but do no damage.
The ball python bites you.
* * * LOW HITPOINT WARNING * * *
The ball python constricts you. The ball python barely misses you.
The ball python constricts you.
You take 2 damage, and have 14/35 hp.
You hit the ball python but do no damage.
The ball python bites you but does no damage.
The ball python constricts you.
You hit the ball python but do no damage.
The ball python completely misses you.
* * * LOW HITPOINT WARNING * * *
The ball python constricts you.
You take 1 damage, and have 13/35 hp.
You hit the ball python.
You kill the ball python!
You barely miss the orc priest. Your headbutt misses the orc priest.
Unknown command.
You hit the orc priest but do no damage.
Your headbutt misses the orc priest. The orc priest closely misses you.
You hit the orc priest but do no damage.
The orc priest barely misses you.
You hit the orc priest.
The orc priest is moderately wounded.
The orc priest hits you but does no damage.
You hit the orc priest but do no damage.
The orc priest is moderately wounded.
The orc priest begins to cast a cantrip, but forgets the words!
You hit the orc priest but do no damage.
You headbutt the orc priest.
The orc priest is heavily wounded.
The orc priest barely misses you.
You completely miss the orc priest.
The orc priest is heavily wounded.
The orc priest barely misses you.
You hit the orc priest but do no damage.
You headbutt the orc priest, but do no damage.
The orc priest is heavily wounded.
The orc priest barely misses you.
You barely miss the orc priest.
The orc priest is heavily wounded.
The orc priest hits you but does no damage.
You hit the orc priest but do no damage.
You headbutt the orc priest, but do no damage.
The orc priest is moderately wounded.
The orc priest hits you with a +0 hand axe.
* * * LOW HITPOINT WARNING * * *
You take 2 damage, and have 12/35 hp.
You hit the orc priest. Your headbutt misses the orc priest.
The orc priest is severely wounded.
You hit the orc priest but do no damage.
The orc priest is severely wounded.
The orc priest hits you but does no damage.
You hit the orc priest but do no damage.
The orc priest is severely wounded.
The orc priest hits you but does no damage.
You hit the orc priest but do no damage.
The orc priest is severely wounded.
The orc priest hits you with a +0 hand axe.
* * * LOW HITPOINT WARNING * * *
You take 3 damage, and have 9/35 hp.
You hit the orc priest but do no damage.
The orc priest is severely wounded.
The orc priest hits you but does no damage.
You hit the orc priest but do no damage.
Your headbutt misses the orc priest.
The orc priest is severely wounded.
The orc priest hits you with a +0 hand axe.
* * * LOW HITPOINT WARNING * * *
You take 1 damage, and have 8/35 hp.
You closely miss the orc priest. Your headbutt misses the orc priest.
The orc priest is severely wounded.
The orc priest calls down the wrath of Beogh upon you.
Beogh smites you!
You die...

███..............█
.........█████████
██ ████....o██ █.█
██...█.██ █.█ █
███.██.██ █.█ █
█.███o██ █.█ █ █.█
██.██ █.█ █ █.█
██S███.█ █ █.█
██.█@█ █ █.█


██o██ █ █.█ ███ █.█ █.█ ██ █.█ .█ █.█ .█ █.█ .██████.█ You could see an orc
priest.

Vanquished Creatures
  A hound skeleton (D:5)
  An adder (D:2)
  A dart slug (D:2)
  2 orcs (D:3)
  10 ball pythons
  8 endoplasms
  A giant cockroach (D:1)
  7 hobgoblins
  A quokka (D:2)
  6 bats
  6 frilled lizards
  11 goblins
  5 kobolds
  9 rats
69 creatures vanquished.

Notes
Turn   | Place    | Note
-------+----------+-------------------------------------------
     0 | D:5      | Goblin1989 the Demonspawn Delver began the quest for the
                  | Orb.
     0 | D:5      | Reached XP level 1. HP: 18/18 MP: 1/1
     0 | D:5      | Noticed a wight
    82 | D:5      | Gained mutation: You have a pair of small horns on your
                  | head. [demonic ancestry]
    82 | D:5      | Reached XP level 2. HP: 22/24 MP: 2/2
   127 | D:5      | Found a transporter.
   127 | D:5      | Noticed a phantom
   484 | D:3      | Found Qigiba's Book Shop.
   590 | D:1      | Gained mutation: You may rarely emit foul miasma when
                  | damaged in melee. [demonic ancestry]
   590 | D:1      | Reached XP level 3. HP: 21/29 MP: 3/3
   708 | D:1      | Found a faded altar of an unknown god.
  1855 | D:2      | Reached XP level 4. HP: 32/35 MP: 4/4
  2674 | D:3      | Killed from afar by an orc priest

Illustrated notes

Levels and vault maps discovered:
D:1:      lightli_arrival_maybe_door_vault, layout_basic,
          ebering_ecumenical_altar_ruins
D:2:      layout_basic, minmay_puff
D:3:      layout_loops_cross, serial_shops, shop_statue
D:4:      layout_basic, lemuel_tele_altar, lemuel_temple_firewalk_b,
          chequers_serial_rivers_marsh
D:5:      layout_basic, gammafunk_temple_of_torment, portal_sewer_entry_b,
          serial_rivers, chequers_serial_rivers_micro_d,
          chequers_serial_rivers_room_a, chequers_serial_rivers_micro_a,
          chequers_serial_rivers_large_b

Skill      XL: |  1  2  3  4 |
---------------+-------------+-----
Maces & Flails | 2 3 4 |  4.3
Fighting       | |  3.0
Dodging        | |  1.8
Stealth        | |  4.5

Action                   |  1- 3 |  4- 6 || total
-------------------------+-------+-------++-------
Melee: Mace              |    20 |       ||    20
       Whip              |   113 |    81 ||   194
       Headbutt          |    17 |     9 ||    26
Evoke: Wand              |       |     2 ||     2
  Use: Scroll            |     2 |       ||     2
       Potion            |       |     1 ||     1
 Stab: Sleeping          |     5 |     5 ||    10
       Distracted        |       |     1 ||     1
Armor: Leather armour    |    45 |    21 ||    66
Dodge: Dodged            |    56 |    39 ||    95

Table legend: (Time is in decaauts)
 A = Elapsed time spent in this place.
 B = Non-inter-level travel time spent in this place.
 C = Inter-level travel time spent in this place.
 D = Time resting spent in this place.
 E = Time spent auto-exploring this place.
 F = Levels seen in this place.
 G = Mean time per level.
                   A        B        C        D        E       F      G
               +--------+--------+--------+--------+--------+-----+--------+
         Total |   2661 |   2625 |     36 |    126 |   1661 |   5 |  532.2 |
       Dungeon |   2661 |   2625 |     36 |    126 |   1661 |   5 |  532.2 |
               +--------+--------+--------+--------+--------+-----+--------+

Top non-repeatable levels by time:
     D:2: 1220 daAuts
     D:1: 734 daAuts
     D:3: 521 daAuts
     D:5: 148 daAuts
     D:4: 36 daAuts
